Cogmind - Beta 16 @@@ ROGUE MODE // 2025.11.10 @ 00:28:39 Player: shapeshifter Result: Destroyed by UP-HMK(R) with Subdweller Machine Gun Performance ------------- Evolutions (0) 0 Regions Visited (2) 400 Robots Destroyed (17) 85 Value Destroyed (342) 342 Prototype IDs (0) 0 Alien Tech Used (0) 0 Bonus (0) 0 TOTAL SCORE: 827 Bonus ------- None Cogmind --------- Core Integrity 0/250 Matter 281/300 Energy 192/200 System Corruption 1% Temperature Cool (0) Movement Rolling (95) Ox1 Location -10/Subcaves Parts ------- > --- POWER (1) -------- Subdweller Power Source > --- PROPULSION (2) --- Wheel > --- UTILITY (2) ------ Small Storage Unit Structural Scanner > --- WEAPON (2) ------- Subdweller Laser Subdweller Laser > --- INVENTORY (8) ---- Ion Engine Subdweller Power Source Disposable Heat Sink High-capacity Storage Unit Structural Scanner Improved Terrain Scanner Seismic Detector Barrage Gun Peak State ------------ > --- POWER ------------ Subdweller Power Source > --- PROPULSION ------- Wheel > --- UTILITY ---------- Small Storage Unit Structural Scanner > --- WEAPON ----------- Subdweller Laser Subdweller Laser > --- INVENTORY -------- Ion Engine Subdweller Power Source High-capacity Storage Unit Structural Scanner Improved Terrain Scanner Seismic Detector Light Assault Rifle [Rating: 10] Favorites ----------- Power Ion Engine Engine Ion Engine Propulsion Light Treads Treads Light Treads Wheel Wheel Utility Small Storage Unit Device Structural Scanner Storage Small Storage Unit Weapon Light Assault Rifle Energy Gun Subdweller Laser Ballistic Gun Light Assault Rifle Build | -11 -10 -10 ------- Run | Yrd Mat Sub Slots Evolved . | . . . Power . | . . . Propulsion . | . . . Utility . | . . . Weapon . | . . . Parts Attached 15 | 6 2 7 Power 3 | 1 . 2 Engine 3 | 1 . 2 Core . | . . . Reactor . | . . . Propulsion 4 | 2 . 2 Treads 2 | 2 . . Leg . | . . . Wheel 2 | . . 2 Hover . | . . . Flight . | . . . Utility 2 | 1 1 . Device 1 | . 1 . Storage 1 | 1 . . Processor . | . . . Hackware . | . . . Protection . | . . . Artifact . | . . . Weapon 6 | 2 1 3 Energy Gun 2 | . . 2 Energy Cannon . | . . . Ballistic Gun 4 | 2 1 1 Ballistic Cannon . | . . . Launcher . | . . . Special Weapon . | . . . Impact Weapon . | . . . Slashing Weapon . | . . . Piercing Weapon . | . . . Special Melee Weapon . | . . . Unidentified Prototypes . | . . . Parts Lost 6 | . . 6 Power 1 | . . 1 Propulsion 3 | . . 3 Utility . | . . . Weapon 2 | . . 2 Highest Loss Streak 6 | . . 6 To Critical Strikes 1 | . . 1 Average Backups 7 | 3 7 7 Power 1 | . 1 1 Propulsion 1 | 1 2 1 Utility 3 | . 3 4 Weapon . | . 1 . Tool/Special . | . . . Unused Backups 6 | . . 6 Power 1 | . . 1 Propulsion . | . . . Utility 5 | . . 5 Weapon . | . . . Tool/Special . | . . . Average Slot Usage (%) 92 | . 91 92 Engine 14 | . 14 14 Treads 24 | . 28 15 Wheel 2 | . . 6 Device 8 | . 6 14 Storage 14 | . 14 14 Energy Gun 1 | . . 5 Ballistic Gun 25 | . 28 20 Peak Build Rating 10 | 6 8 10 Average Rating 7 | 4 6 7 On Entrance 4 | . 6 8 Avg Prop Armor Cover (%) . | . . . Naked Turns . | . . . Heaviest Build 19 | 13 14 19 Greatest Support 40 | 40 40 40 Greatest Overweight (x) 1 | . . 1 Average Overweight (x) . | . . . Largest Inventory Capacity 8 | 8 8 8 Average Capacity 7 | 7 8 8 Most Carried 8 | 6 8 8 Average Carried 7 | 4 7 7 Final Capacity 8 | 8 8 8 Final Carried 8 | 6 8 8 Class Distribution -------------------- 94% | Mutant 5% | Scavenger-Mutant Dominant Class ---------------- Mutant | -10/Materials Mutant | -10/Subcaves Resources | -11 -10 -10 ----------- Run | Yrd Mat Sub Matter Collected 500 | 280 116 104 Remotely . | . . . Salvage Created 557 | 115 317 125 Parts 34 | 8 16 10 Haulers Intercepted . | . . . Recyclers Shooed . | . . . Parts Field Recycled . | . . . Retrieved Matter . | . . . Parts Self-Destructed 2 | . . 2 Prevented . | . . . Parts Restored . | . . . Kills | -11 -10 -10 ------- Run | Yrd Mat Sub Combat Hostiles Destroyed 13 | . 10 3 Guns 13 | . 10 3 Classes Destroyed 5 | 2 2 1 Tunneler 2 | 2 . . Recycler 2 | 1 1 . Swarmer 6 | . 6 . Grunt 4 | . 4 . Subdweller 3 | . . 3 Best Kill Streak 4 | 2 4 2 Combat Bots Only 3 | . 3 2 Max Kills in Single Turn 1 | 1 1 1 Gunslinging . | . . . Exploded . | . . . Melee . | . . . Uniques/NPCs Destroyed . | . . . Combat | -11 -10 -10 -------- Run | Yrd Mat Sub Hostile Shots Fired 87 | . 50 37 Missed 17 | . 10 7 Hits 70 | . 40 30 Projectile 70 | . 40 30 Critical Strikes 2 | . . 2 Damage Taken 977 | . 388 589 Core 258 | . 60 198 Absorbed by Shields . | . . . Core Remaining (%) 100 | 100 . . Volleys Fired 55 | 5 28 22 Largest 2 | 2 2 2 Hottest 120 | 40 40 120 Shots Fired 104 | 10 56 38 Gun 104 | 10 56 38 Cannon . | . . . Launcher . | . . . Special . | . . . Kinetic 100 | 10 56 34 Thermal 4 | . . 4 Explosive . | . . . Electromagnetic . | . . . Robot Hit Streak 31 | 4 11 31 Robot Miss Streak 3 | 1 3 1 Penetration Max . | . . . Secondary Targets 3 | . 2 1 Max Gunslinging Chain 1 | . 1 1 Shots Hit Robots 82 | 8 37 37 Core Hits 33 | 4 17 12 Critical Kills . | . . . Critical Parts Destroyed . | . . . Critical Strikes . | . . . Melee Attacks . | . . . Impact . | . . . Slashing . | . . . Piercing . | . . . Sneak Attacks . | . . . Combat Hostiles . | . . . Follow-up Attacks . | . . . Damage Inflicted 846 | 85 400 361 Guns 846 | 85 400 361 Cannons . | . . . Explosions . | . . . Melee . | . . . Ramming . | . . . Kinetic 767 | 85 400 282 Thermal 79 | . . 79 Explosive . | . . . Electromagnetic . | . . . Impact . | . . . Slashing . | . . . Piercing . | . . . Highest Corruption 1 | . 1 1 Average Corruption 1 | . 1 1 Corruption Purged . | . . . Corruption Blocked . | . . . Effects 3 | . 2 1 Matter Fused 3 | . 2 1 Overload Shots . | . . . Overflow Damage . | . . . Projectiles . | . . . Explosions . | . . . Melee . | . . . Knockbacks . | . . . Impact . | . . . Kinetic . | . . . Secondary . | . . . Self-Inflicted Damage . | . . . Shots . | . . . Rammed . | . . . Targets Rammed . | . . . Kicked . | . . . Crushed . | . . . Highest Temperature 12 | . 12 . Average Temperature 6 | . 6 . Received Heat Transfer 294 | . 120 174 Siege Activations . | . . . Martial Activations . | . . . Shielding Activations . | . . . Robots Disrupted . | . . . Combat Hostiles . | . . . Robots Corrupted . | . . . Combat Hostiles . | . . . Parts Fried . | . . . Impact Corruptions . | . . . Robots Melted . | . . . Combat Hostiles . | . . . Parts Melted 1 | . . 1 Heat Transferred 100 | . . 100 Parts Sabotaged . | . . . Parts Stolen . | . . . Parts Stripped . | . . . Power Chain Reactions . | . . . Alert | -11 -10 -10 ------- Run | Yrd Mat Sub Maximum Alert Level . | . . . Low Security (%) 100 | 100 100 . Level 1 . | . . . Level 2 . | . . . Level 3 . | . . . Level 4 . | . . . Level 5 . | . . . High Security . | . . . Max Security . | . . . Peak Influence 138 | 5 138 . Initial . | . . . Average 43 | 1 50 . Influence Increases 318 | 15 303 . Destroy 0b10 Robot/C 200 | . 200 . Destroy 0b10 Robot/NC 20 | 15 5 . Destroy Leader 40 | . 40 . Successful Hack 28 | . 28 . Select Force Hacks 30 | . 30 . Influence Decreases 318 | 15 205 98 Entered New Map 48 | . . 48 Time Decay 270 | 15 205 50 Squads Dispatched 2 | . 2 . Investigation 1 | . 1 . Extermination . | . . . Reinforcement 1 | . 1 . Assault . | . . . Garrison . | . . . Intercept . | . . . Searches Triggered . | . . . Construction Impeded . | . . . Haulers Reinforced . | . . . Active Scanning Responses . | . . . Cargo Convoy Interrupts . | . . . Stealth | -11 -10 -10 --------- Run | Yrd Mat Sub Distress Signals . | . . . Communications Jammed . | . . . Distress Signals . | . . . Times Spotted 22 | . 17 5 Peak Tracking Total 3 | . 3 3 Tactical Retreats . | . . . Traps | -11 -10 -10 ------- Run | Yrd Mat Sub Traps Triggered 1 | . 1 . Indirectly . | . . . Trap Hack Attempts . | . . . Triggered . | . . . Disarmed . | . . . Reprogrammed . | . . . Reused . | . . . Traps Extracted . | . . . Installed . | . . . Triggered . | . . . Machines | -11 -10 -10 ---------- Run | Yrd Mat Sub Machines Disabled . | . . . Max in Single Turn . | . . . Machines Repaired . | . . . Machines Dismantled . | . . . Machines Sabotaged . | . . . Overloaded Fab Kills . | . . . Hacking | -11 -10 -10 --------- Run | Yrd Mat Sub Machines Accessed 6 | . 6 . Terminals 5 | . 5 . Fabricators . | . . . Repair Stations . | . . . Recycling Units 1 | . 1 . Scanalyzers . | . . . Garrison Access . | . . . Total Hacks 22 | . 22 . Successful 12 | . 12 . Failed 10 | . 10 . Catastrophic 2 | . 2 . Database Lockouts . | . . . Manual 18 | . 18 . Terminals 18 | . 18 . Fabricators . | . . . Repair Stations . | . . . Recycling Units 4 | . 4 . Scanalyzers . | . . . Garrison Access . | . . . Terminal Hacks 4 | . 4 . Emergency Access Points 1 | . 1 . Terminal Index 1 | . 1 . Zone Layout 2 | . 2 . Fabricator Hacks . | . . . Repair Station Hacks . | . . . Recycling Unit Hacks 1 | . 1 . Retrieve Components 1 | . 1 . Scanalyzer . | . . . Garrison Access Hacks . | . . . Unauthorized Hacks 7 | . 7 . Terminals 6 | . 6 . Botnet 1 | . 1 . Skim 5 | . 5 . Fabricators . | . . . Repair Stations . | . . . Recycling Units 1 | . 1 . Tunnel 1 | . 1 . Scanalyzers . | . . . Garrison Access . | . . . Data Cores Recovered . | . . . Used . | . . . Hacking Detections 5 | . 5 . Full Trace Events . | . . . Feedback Events . | . . . Feedback Blocked . | . . . Robot Schematics Acquired . | . . . Robots Built . | . . . Authchips . | . . . Time . | . . . Total Robot Build Rating . | . . . Part Schematics Acquired . | . . . Parts Built . | . . . Authchips . | . . . Time . | . . . Total Part Build Rating . | . . . Part Studies Acquired . | . . . Parts Repaired . | . . . Time . | . . . Parts Recycled . | . . . Recycled Matter . | . . . Retrieved Matter . | . . . Retrieved Components 4 | . 4 . Parts Scanalyzed . | . . . Part Schematics Acquired . | . . . Parts Damaged . | . . . Bothacking | -11 -10 -10 ------------ Run | Yrd Mat Sub Used RIF Installer . | . . . Robots Hacked . | . . . Non-combat . | . . . Combat . | . . . Robot Hacks Applied . | . . . Relay Couplers Released . | . . . Fabnet Peak Effective % . | . . . Robots Rewired . | . . . Allies Hacked . | . . . Hacks Repelled . | . . . Allies | -11 -10 -10 -------- Run | Yrd Mat Sub Total Allies . | . . . Largest Group . | . . . Highest-Rated Group . | . . . Highest-Rated Ally . | . . . Total Orders . | . . . Ally Attacks . | . . . Total Damage . | . . . Kills . | . . . Allies Corrupted . | . . . Allies Melted . | . . . Intel | -11 -10 -10 ------- Run | Yrd Mat Sub Active Infowar (turns) 562 | . 281 281 Structural 562 | . 281 281 Robot Analysis Total . | . . . Derelict Logs Recovered 1 | . . 1 Drone Launches . | . . . Drone Recoveries . | . . . Exploration | -11 -10 -10 ------------- Run | Yrd Mat Sub Turns Passed 971 | 93 597 281 Spaces Moved 522 | 47 320 155 Core 11 | 11 . . Treads 447 | 36 320 91 Legs . | . . . Wheels 64 | . . 64 Hover . | . . . Flight . | . . . Fastest Speed 50 | 50 160 95 Average Speed 149 | 134 160 133 Slowest Speed 160 | 160 160 160 Overloaded Moves . | . . . Propulsion Burnouts . | . . . Robots Hopped . | . . . Potential Cave-ins . | . . . Cave-ins Triggered . | . . . Exploration Rate (%) 27 | 5 64 13 Regions Visited 2 Branch Regions 1 Pre-discovered Areas 1 | . 1 . Known Exits Taken 1 | . 1 . Unknown Exits Taken 1 | 1 . . Scrap Searched . | . . . Spaces Dug . | . . . Terrain Destroyed . | . . . Melee . | . . . Projectile . | . . . AOE . | . . . Terrain Rammed . | . . . Walls Destroyed . | . . . Machines Disabled . | . . . Actions | -11 -10 -10 --------- Run | Yrd Mat Sub Total 622 | 68 355 199 Wait 10 | . 2 8 Move 520 | 46 319 155 Hop . | . . . Pick Up 20 | 11 3 6 Fast Attach 1 | 1 . . Attach 11 | 5 1 5 Detach . | . . . Swap 3 | . 1 2 Drop 2 | . 1 1 Fire 55 | 5 28 22 Melee . | . . . Ram . | . . . Kick . | . . . Crush . | . . . Escape Stasis . | . . . Rewire . | . . . Trap . | . . . Miscellaneous . | . . . Route ------- -11/Scrapyard -10/Materials (discovered 6 exits: *Mat x3 / [*Min x2] / *Sub) -10/Subcaves (discovered 2 exits: Mat / Rec) History --------- Turn | Location | Event 19 | -11/Scrapyard | Discovered new exit (range 16) 94 | -11/Scrapyard | Entered Materials 126 | -10/Materials | Discovered new exit (range 13) 181 | -10/Materials | Discovered new exit (range 11) 304 | -10/Materials | Build established: Mutant 331 | -10/Materials | Discovered new exit (range 12) 419 | -10/Materials | Identified exit to Materials 419 | -10/Materials | Identified exit to Subcaves 509 | -10/Materials | Learned location of 2 exits from Subcaves 516 | -10/Materials | Learned Storage emergency access door positions 517 | -10/Materials | Learned location of 1 exit from Recycling 532 | -10/Materials | Learned location of 1 exit from Storage 691 | -10/Materials | Entered Subcaves 692 | -10/Subcaves | Identified exit to Recycling 692 | -10/Subcaves | Identified exit to Materials 858 | -10/Subcaves | Core integrity fell below 50% 867 | -10/Subcaves | Core integrity fell below 20% 913 | -10/Subcaves | Lost 6 parts (1p3n2w) 950 | -10/Subcaves | Shifting Twisted Machinery released Sub. Machine Gun 953 | -10/Subcaves | Shifting Twisted Machinery released Barrage Gun 972 | -10/Subcaves | Destroyed by UP-HMK(R) with Subdweller Machine Gun Last Messages --------------- 00880_ Switching to secondary target: OF-EK3(R). 00882_ Lgt. Assault Rifle destroyed. 00889_ OF-EK3(R) affixes Scrap Shield Fragment to Scrap Shield. 00893_ OF-EK3(R) destroyed. 00895_ Acquired 83 matter. 00897_ Acquired Sub. Power Source. 00901_ Subatomizers dissect the Disposable Heat Sink. 00904_ Acquired Sub. Laser. 00907_ Acquired 7 matter. 00910_ Acquired Sub. Laser. 00916_ Subatomizers dissect the Disposable Heat Sink. 00919_ Acquired Disposable Heat Sink. 00939_ Acquired 9 matter. Sub. Machine Gun falls loose from the Twisted Machinery. 00951_ Acquired 5 matter. Barrage Gun falls loose from the Twisted Machinery. 00959_ Dropped Lgt. Assault Rifle. 00959_ Acquired Barrage Gun. 00964_ System corrupted: Matter fused (-10). 00966_ Subatomizers dissect the Lgt. Assault Rifle. Map ----- +----------------------------------------------------+ | ?????????????????????????????????????????????????? | | ?????????????????????????????????????????????????? | | ?????????????????????????????????????????????????? | | ?????????????????????????????????????????????????? | | ?????????????????????????????????????????????????? | | ?????????????????????????????????????????????????? | | ?????????????????????????????????????????????????? | | ?????????????????????????????????????????????????? | | ?????????????????????????????????????????????????? | | ?????????????????????????????????????????????????? | | ???????????#####????? #????????????????????????? | | ?????????#######????? ##????????????????????????? | | ?????????#### ?? ## ##????????????????????????? | | ?????????## ??"### #????????????????????????? | | ??????????## ##### ##????????????????????????? | | ##????????## #### ##????????????????????????? | | ####??????## #### ##????????????????????????? | | ###???###### "" ###????????????????????????? | | ##??####### ["" ###??????#####?????????????? | | ###?### ## " = ######??#######???????????? | | ####### %" ######## ####???????????? | | ## ####" """" "" ## ### ##???????????? | | ## """"" "" ## ##???????????? | | """ " ## ##???????????? | | ??? ## "" #### ##???????????? | | ???### ####[ @ ###??????????? | | ##?##""" ## ## ##??????????? | | ######## ## ## ### ??????????? | | #########% ## ## #### ??????????? | | ######## ### ####### # ###????????????? | | ##### ### ######### R ##?????????????? | | ##% ######????## # R ?